WCHLSIM.com - West Coast Hockey League
html PUBLIC "-//W3C//DTD XHTML 1.0 Transitional//EN" "http://www.w3.org/TR/xhtml1/DTD/xhtml1-transitional.dtd"> WCHL - Game 156 - LOS ANGELES SEALS vs SAN JOSE BRONCOS

LOS ANGELES SEALS vs SAN JOSE BRONCOS

Created - 5 décembre 2020 at 20:56

Goals
1 2 3 T
LOS ANGELES SEALS 1 0 1 2
SAN JOSE BRONCOS 1 1 1 3
Shots
1 2 3 T
LOS ANGELES SEALS 4 3 7 14
SAN JOSE BRONCOS 11 17 15 43

1st period

1. LOS ANGELES SEALS , Jason Zucker 3 (Mark Scheifele 11, Esa Lindell 6) at 7:49
2. SAN JOSE BRONCOS , Claude Giroux 4 (Evgeni Malkin 6, Neal Pionk 2) at 14:12

Penalties :
Evgeni Malkin (SJO) for Tripping (Minor) at 3:59

2nd period

3. SAN JOSE BRONCOS , Anthony Beauvillier 1 (Oliver Bjorkstrand 3) at 13:52

Penalties :
Jaccob Slavin (SJO) for Hooking (Minor) at 4:06, Neal Pionk (SJO) for Hooking (Minor) at 17:49

3rd period

4. SAN JOSE BRONCOS , Oliver Bjorkstrand 5 (Brady Skjei 2) at 0:31
5. LOS ANGELES SEALS , Mark Scheifele 9 (Marcus Johansson 8, Jason Zucker 7) at 6:31

Penalties :
Nate Prosser (LOS) for Roughing (Minor) at 2:57

Goalie Stats

Carter Hutton (LOS), 40 saves from 43 shots - (0,930), L, 1-4-1, 59:22 minutes
Jacob Markstrom (SJO), 12 saves from 14 shots - (0,857), W, 8-2-0, 60:00 minutes

Players Stats for LOS ANGELES SEALS

Player Name              G  A  P  +/- PIM S  H  SB GA TA FO     MP     PP MP  PK MP  
------------------------------------------------------------------------------------
Chris Conner             0  0  0  -1  0   0  0  0  0  0  0/0    18:43   2:43   0:00 
Esa Lindell              0  1  1  -1  0   0  1  4  0  0  0/0    25:45   3:17   1:07 
Jason Zucker             1  1  2   1  0   1  0  0  0  0  1/4    22:57   3:14   0:34 
Jermaine Loewen          0  0  0  -1  0   0  2  0  0  0  0/0     4:53   0:00   0:00 
Kris Versteeg            0  0  0  -1  0   1  0  1  0  0  0/0     4:53   0:00   0:00 
Lukas Radil              0  0  0   0  0   1  0  0  0  0  0/0    12:02   0:00   0:00 
Marcus Johansson         0  1  1   1  0   0  0  0  0  0  1/2    23:48   3:14   1:25 
Marcus Pettersson        0  0  0  -1  0   0  3  0  0  0  0/0    25:45   3:17   1:07 
Mark Scheifele           1  1  2   1  0   3  1  0  0  0  12/30  23:48   3:14   1:25 
Max Domi                 0  0  0  -1  0   1  0  0  0  0  7/18   19:17   2:43   0:34 
Nate Prosser             0  0  0  -1  2   0  1  0  0  0  0/0    13:16   0:00   0:00 
Nathan Paetsch           0  0  0  -1  0   1  1  0  0  0  0/0    13:17   0:00   0:00 
Patrick Maroon           0  0  0   0  0   3  0  0  0  0  1/1    12:02   0:00   0:00 
Ryan Murray              0  0  0   1  0   0  3  2  0  0  0/0    20:58   2:40   0:52 
Shayne Gostisbehere      0  0  0   1  0   0  4  0  0  0  0/0    20:58   2:40   0:52 
Turner Elson             0  0  0  -1  0   2  0  0  0  0  3/7     4:53   0:00   0:00 
Tyler Johnson            0  0  0  -1  0   1  1  1  0  0  0/0    18:43   2:43   0:00 
Zack Smith               0  0  0   0  0   0  1  0  0  0  5/12   12:02   0:00   0:00 

Players Stats for SAN JOSE BRONCOS

Player Name              G  A  P  +/- PIM S  H  SB GA TA FO     MP     PP MP  PK MP  
------------------------------------------------------------------------------------
Adam Pelech              0  0  0   0  0   1  1  0  0  0  0/0    18:31   0:00   3:03 
Anthony Beauvillier      1  0  1   2  0   4  1  0  0  0  0/2    16:35   0:34   0:00 
Brady Skjei              0  1  1   0  0   0  0  0  0  0  0/0    19:37   1:09   3:00 
Brayden Point            0  0  0   2  0   7  1  0  0  0  12/19  16:35   0:34   0:00 
Charlie Coyle            0  0  0   0  0   0  0  0  0  0  3/5     5:16   0:00   0:48 
Chris Tanev              0  0  0   1  0   0  0  0  0  0  0/0    20:49   0:00   3:14 
Claude Giroux            1  0  1   0  0   5  1  0  0  0  1/1    19:04   1:25   0:00 
Connor Brown             0  0  0   0  0   9  0  0  0  0  1/1    19:49   1:25   0:00 
Conor Garland            0  0  0  -1  0   0  1  0  0  0  0/1    16:10   0:00   2:36 
David Kampf              0  0  0   0  0   0  0  0  0  0  0/0     4:28   0:00   0:00 
Evgeni Malkin            0  1  1   0  2   6  1  1  0  0  17/24  20:51   1:25   1:48 
Hampus Lindholm          0  0  0   0  0   0  1  0  0  0  0/0    20:31   1:09   0:21 
Jaccob Slavin            0  0  0   0  2   2  0  3  0  0  0/0    22:23   0:50   2:16 
Jesper Bratt             0  0  0  -1  0   2  2  0  0  0  0/2    13:11   0:00   0:00 
Neal Pionk               0  1  1   1  2   1  1  0  0  0  0/0    18:07   0:50   0:00 
Nick Bonino              0  0  0  -1  0   2  0  1  0  0  10/17  17:17   0:00   3:21 
Oliver Bjorkstrand       1  1  2   2  0   3  3  0  0  0  0/2    20:18   0:34   3:21 
Tyler Motte              0  0  0   0  0   1  4  0  0  0  0/0     4:28   0:00   0:00 

3 Stars

1 - Oliver Bjorkstrand (SJO)
2 - Mark Scheifele (LOS)
3 - Anthony Beauvillier (SJO)

Power Play

LOS ANGELES SEALS - 0 on 3 Attempt(s) - 0,00%
SAN JOSE BRONCOS - 0 on 1 Attempt(s) - 0,00%

Penalty Kill

LOS ANGELES SEALS - 1 on 1 Attempt(s) - 100,00% - Score 0 goal in Penalty Kill
SAN JOSE BRONCOS - 3 on 3 Attempt(s) - 100,00% - Score 0 goal in Penalty Kill

Team Stat

LOS ANGELES SEALS - Hits : 18 - Faceoff Wins : 30 - Blocked Shots : 8 - Penalty Minutes : 2
SAN JOSE BRONCOS - Hits : 17 - Faceoff Wins : 44 - Blocked Shots : 5 - Penalty Minutes : 6

Official

Referees : Marc Joannette and Stephen Hiff
Linesman : Justin Cornell and Shaun Morgan

Game Notes

No Game Note

Finance

Level 1 -- Attendance: 5891 (98,18%) -- Ticket Income 824 740 $
Level 2 -- Attendance: 5000 (100,00%) -- Ticket Income 450 000 $
Level 3 -- Attendance: 2000 (100,00%) -- Ticket Income 140 000 $
Level 4 -- Attendance: 4000 (100,00%) -- Ticket Income 140 000 $
Luxury Box -- Attendance: 1000 (100,00%) -- Ticket Income 270 000 $
Total Attendance: 17891 (99,39%)
Total Ticket Income: 1 824 740 $
Other Income: 638 659 $
Total Income: 2 463 399 $

LOS ANGELES SEALS

5 vs 5 Forward 
   Center                   Left Wing                Right Wing               Time % Phy DF OF 
 1 Mark Scheifele           Marcus Johansson         Jason Zucker             36     1   2  2  
 2 Max Domi                 Tyler Johnson            Chris Conner             31     1   2  2  
 3 Zack Smith               Patrick Maroon           Lukas Radil              23     1   2  2  
 4 Turner Elson             Kris Versteeg            Jermaine Loewen          10     1   2  2  

5 vs 5 Defense 
   Defense                  Defense                                           Time % Phy DF OF 
 1 Esa Lindell              Marcus Pettersson                                 36     1   2  2  
 2 Ryan Murray              Shayne Gostisbehere                               31     1   2  2  
 3 Nate Prosser             Nathan Paetsch                                    23     1   2  2  
 4 Esa Lindell              Marcus Pettersson                                 10     1   2  2  

PowerPlay Forward 
   Center                   Left Wing                Right Wing               Time % Phy DF OF 
 1 Mark Scheifele           Marcus Johansson         Jason Zucker             55     1   2  2  
 2 Max Domi                 Tyler Johnson            Chris Conner             45     1   2  2  

PowerPlay Defense
   Defense                  Defense                                           Time % Phy DF OF 
 1 Esa Lindell              Marcus Pettersson                                 55     1   2  2  
 2 Ryan Murray              Shayne Gostisbehere                               45     1   2  2  

Penalty Kill 4 Players Forward 
   Center                   Wing                     Time % Phy DF OF 
 1 Mark Scheifele           Marcus Johansson         55     1   2  2  
 2 Jason Zucker             Max Domi                 45     1   2  2  

Penalty Kill 4 Players Defense
   Defense                  Defense                  Time % Phy DF OF 
 1 Esa Lindell              Marcus Pettersson        55     1   2  2  
 2 Ryan Murray              Shayne Gostisbehere      45     1   2  2  

Penalty Kill - 3 Players Forward 
   Forward                                           Time % Phy DF OF 
 1 Mark Scheifele                                    55     1   2  2  
 2 Marcus Johansson                                  45     1   2  2  

Penalty Kill - 3 Players Defense
   Defense                  Defense                  Time % Phy DF OF 
 1 Esa Lindell              Marcus Pettersson        55     1   2  2  
 2 Ryan Murray              Shayne Gostisbehere      45     1   2  2  

4 vs 4 Forward 
   Center                   Wing                     Time % Phy DF OF 
 1 Mark Scheifele           Marcus Johansson         55     1   2  2  
 2 Jason Zucker             Max Domi                 45     1   2  2  

4 vs 4 Defense
   Defense                  Defense                  Time % Phy DF OF 
 1 Esa Lindell              Marcus Pettersson        55     1   2  2  
 2 Ryan Murray              Shayne Gostisbehere      45     1   2  2  

Last Minutes Offensive
   Center                   Left Wing                Right Wing               Defense                  Defense                  
   Mark Scheifele           Marcus Johansson         Jason Zucker             Esa Lindell              Marcus Pettersson        

Last Minutes Defensive
   Center                   Left Wing                Right Wing               Defense                  Defense                  
   Mark Scheifele           Marcus Johansson         Jason Zucker             Esa Lindell              Marcus Pettersson        

Goaltenders
Starting : Carter Hutton            
Backup : Casey DeSmith            

Extra Forwards
Normal : Patrick Maroon, Zack Smith, Turner Elson - PP : Patrick Maroon, Zack Smith - PK : Turner Elson
Extra Defensemen
Normal : Nate Prosser, Nathan Paetsch, Ryan Murray - PP : Nate Prosser - PK : Nathan Paetsch, Ryan Murray
Penalty Shots
Mark Scheifele, Marcus Johansson, Jason Zucker, Max Domi, Tyler Johnson
Custom OT Lines Forwards
Mark Scheifele, Marcus Johansson, Jason Zucker, Max Domi, Tyler Johnson, Patrick Maroon, Zack Smith, Chris Conner, Turner Elson, Lukas Radil
Custom OT Lines Defensemen
Esa Lindell, Marcus Pettersson, Ryan Murray, Shayne Gostisbehere, Nate Prosser

Scratches
Adam Lowry (Left Ankle Injury)

SAN JOSE BRONCOS

5 vs 5 Forward 
   Center                   Left Wing                Right Wing               Time % Phy DF OF 
 1 Evgeni Malkin            Claude Giroux            Connor Brown             34     1   2  2  
 2 Brayden Point            Anthony Beauvillier      Oliver Bjorkstrand       30     1   2  2  
 3 Nick Bonino              Conor Garland            Jesper Bratt             27     1   2  2  
 4 Charlie Coyle            Tyler Motte              David Kampf              9      1   2  2  

5 vs 5 Defense 
   Defense                  Defense                                           Time % Phy DF OF 
 1 Jaccob Slavin            Hampus Lindholm                                   37     1   2  2  
 2 Chris Tanev              Neal Pionk                                        33     1   2  2  
 3 Brady Skjei              Adam Pelech                                       30     1   2  2  
 4 Hampus Lindholm          Jaccob Slavin                                     0      1   2  2  

PowerPlay Forward 
   Center                   Left Wing                Right Wing               Time % Phy DF OF 
 1 Evgeni Malkin            Claude Giroux            Connor Brown             60     1   2  2  
 2 Brayden Point            Anthony Beauvillier      Oliver Bjorkstrand       40     1   2  2  

PowerPlay Defense
   Defense                  Defense                                           Time % Phy DF OF 
 1 Jaccob Slavin            Neal Pionk                                        60     1   2  2  
 2 Hampus Lindholm          Brady Skjei                                       40     1   2  2  

Penalty Kill 4 Players Forward 
   Center                   Wing                     Time % Phy DF OF 
 1 Nick Bonino              Oliver Bjorkstrand       50     1   2  2  
 2 Evgeni Malkin            Conor Garland            50     1   2  2  

Penalty Kill 4 Players Defense
   Defense                  Defense                  Time % Phy DF OF 
 1 Jaccob Slavin            Chris Tanev              50     1   2  2  
 2 Brady Skjei              Adam Pelech              50     1   2  2  

Penalty Kill - 3 Players Forward 
   Forward                                           Time % Phy DF OF 
 1 Nick Bonino                                       50     1   2  2  
 2 Claude Giroux                                     50     1   2  2  

Penalty Kill - 3 Players Defense
   Defense                  Defense                  Time % Phy DF OF 
 1 Jaccob Slavin            Chris Tanev              55     1   2  2  
 2 Brady Skjei              Adam Pelech              45     1   2  2  

4 vs 4 Forward 
   Center                   Wing                     Time % Phy DF OF 
 1 Brayden Point            Claude Giroux            50     1   2  2  
 2 Evgeni Malkin            Anthony Beauvillier      50     1   2  2  

4 vs 4 Defense
   Defense                  Defense                  Time % Phy DF OF 
 1 Hampus Lindholm          Jaccob Slavin            50     1   2  2  
 2 Adam Pelech              Brady Skjei              50     1   2  2  

Last Minutes Offensive
   Center                   Left Wing                Right Wing               Defense                  Defense                  
   Evgeni Malkin            Oliver Bjorkstrand       Claude Giroux            Jaccob Slavin            Neal Pionk               

Last Minutes Defensive
   Center                   Left Wing                Right Wing               Defense                  Defense                  
   Nick Bonino              Oliver Bjorkstrand       Connor Brown             Chris Tanev              Jaccob Slavin            

Goaltenders
Starting : Jacob Markstrom          
Backup : Petr Mrazek              

Extra Forwards
Normal : Connor Brown, Conor Garland, Charlie Coyle - PP : Conor Garland, Anthony Beauvillier - PK : Charlie Coyle
Extra Defensemen
Normal : Chris Tanev, Neal Pionk, Adam Pelech - PP : Hampus Lindholm - PK : Chris Tanev, Adam Pelech
Penalty Shots
Evgeni Malkin, Brayden Point, Oliver Bjorkstrand, Claude Giroux, Conor Garland
Custom OT Lines Forwards
Evgeni Malkin, Claude Giroux, Brayden Point, Oliver Bjorkstrand, Nick Bonino, Connor Brown, Charlie Coyle, Conor Garland, Anthony Beauvillier, Jesper Bratt
Custom OT Lines Defensemen
Jaccob Slavin, Hampus Lindholm, Chris Tanev, Brady Skjei, Adam Pelech

Scratches
None


% Time on Ice - LOS ANGELES SEALS

Lines # - Real PCT - Wanted PCT - Time Play
Normal Forward
1 - 36% - 36% - 18:16
2 - 31% - 31% - 16:00
3 - 24% - 23% - 12:02
4 - 10% - 10% - 4:53
Normal Defense
1 - 35% - 36% - 17:45
2 - 34% - 31% - 17:26
3 - 26% - 23% - 13:17
4 - 5% - 10% - 2:43
PP Forward
1 - 54% - 55% - 3:14
2 - 46% - 45% - 2:43
PP Defense
1 - 55% - 55% - 3:17
2 - 45% - 45% - 2:40
PK Forward
1 - 71% - 55% - 1:25
2 - 29% - 45% - 0:34
PK Defense
1 - 56% - 55% - 1:07
2 - 44% - 45% - 0:52
PK3 Forward
1 - 0% - 55%
2 - 0% - 45%
PK3 Defense
1 - 0% - 55%
2 - 0% - 45%
44 Forward
1 - 0% - 55%
2 - 0% - 45%
44 Defense
1 - 0% - 55%
2 - 0% - 45%
Last Minute Offensive  - 0:53
Last Minute Defensive  - 0:00
Total
Forward - 60:00
Defense - 60:00

% Time on Ice - SAN JOSE BRONCOS

Lines # - Real PCT - Wanted PCT - Time Play
Normal Forward
1 - 34% - 34% - 17:39
2 - 31% - 30% - 16:01
3 - 26% - 27% - 13:11
4 - 9% - 9% - 4:28
Normal Defense
1 - 37% - 37% - 19:01
2 - 33% - 33% - 16:50
3 - 30% - 30% - 15:28
4 - 0% - 0% - 0:00
PP Forward
1 - 71% - 60% - 1:25
2 - 29% - 40% - 0:34
PP Defense
1 - 42% - 60% - 0:50
2 - 58% - 40% - 1:09
PK Forward
1 - 56% - 50% - 3:21
2 - 44% - 50% - 2:36
PK Defense
1 - 57% - 50% - 3:23
2 - 43% - 50% - 2:34
PK3 Forward
1 - 0% - 50%
2 - 0% - 50%
PK3 Defense
1 - 0% - 55%
2 - 0% - 45%
44 Forward
1 - 0% - 50%
2 - 0% - 50%
44 Defense
1 - 0% - 50%
2 - 0% - 50%
Last Minute Offensive  - 0:00
Last Minute Defensive  - 0:45
Total
Forward - 60:00
Defense - 60:00

Play-by-Play

1st period


0:01 of 1st period - Evgeni Malkin wins face-off versus Jason Zucker in neutral zone.
1:07 of 1st period - Off-side.
1:08 of 1st period - Max Domi wins face-off versus Conor Garland in neutral zone.
1:36 of 1st period - Shot by Jesper Bratt.
1:36 of 1st period - Shot Misses the Net.
1:38 of 1st period - Shot by Nick Bonino.
1:38 of 1st period - Stopped by Carter Hutton with a rebound.
1:40 of 1st period - Shot by Adam Pelech.
1:40 of 1st period - Shot Blocked by Tyler Johnson.
1:42 of 1st period - Shot by Nick Bonino.
1:42 of 1st period - Shot Blocked by Ryan Murray.
1:44 of 1st period - Shot by Nick Bonino.
1:44 of 1st period - Shot Misses the Net.
1:49 of 1st period - Jesper Bratt is hit by Ryan Murray and loses puck.
2:05 of 1st period - Icing by Chris Tanev.
2:06 of 1st period - Brayden Point wins face-off versus Zack Smith in SAN JOSE BRONCOS zone.
3:14 of 1st period - Off-side.
3:15 of 1st period - Evgeni Malkin wins face-off versus Mark Scheifele in neutral zone.
3:18 of 1st period - Shot by Connor Brown.
3:18 of 1st period - Shot Blocked by Esa Lindell.
3:28 of 1st period - Shot by Connor Brown.
3:28 of 1st period - Stopped by Carter Hutton with a rebound.
3:34 of 1st period - Shot by Mark Scheifele.
3:34 of 1st period - Shot Blocked by Evgeni Malkin.
3:36 of 1st period - Shot by Esa Lindell.
3:36 of 1st period - Shot Misses the Net.
3:56 of 1st period - Shot by Claude Giroux.
3:56 of 1st period - Stopped by Carter Hutton with a rebound.
3:59 of 1st period - Minor Penalty to Evgeni Malkin for Tripping.
4:00 of 1st period - Nick Bonino wins face-off versus Max Domi in SAN JOSE BRONCOS zone.
5:03 of 1st period - Shot by Jason Zucker.
5:03 of 1st period - Shot Misses the Net.
6:02 of 1st period - Shot by Turner Elson.
6:02 of 1st period - Shot Misses the Net.
6:26 of 1st period - Shot by Claude Giroux.
6:26 of 1st period - Stopped by Carter Hutton without a rebound.
6:27 of 1st period - Charlie Coyle wins face-off versus Zack Smith in LOS ANGELES SEALS zone.
6:44 of 1st period - Shot by Patrick Maroon.
6:44 of 1st period - Shot Misses the Net.
7:22 of 1st period - Shot by Anthony Beauvillier.
7:22 of 1st period - Stopped by Carter Hutton without a rebound.
7:23 of 1st period - Mark Scheifele wins face-off versus Nick Bonino in LOS ANGELES SEALS zone.
7:49 of 1st period - Shot by Jason Zucker.
7:49 of 1st period - Goal by Jason Zucker - LOS ANGELES SEALS : 1 - SAN JOSE BRONCOS : 0.
7:50 of 1st period - Turner Elson wins face-off versus Anthony Beauvillier in neutral zone.
7:53 of 1st period - Shot by Kris Versteeg.
7:53 of 1st period - Stopped by Jacob Markstrom without a rebound.
7:54 of 1st period - Max Domi wins face-off versus Brayden Point in SAN JOSE BRONCOS zone.
8:21 of 1st period - Shot by Brayden Point.
8:21 of 1st period - Stopped by Carter Hutton without a rebound.
8:22 of 1st period - Nick Bonino wins face-off versus Jason Zucker in LOS ANGELES SEALS zone.
8:24 of 1st period - Jesper Bratt is hit by Shayne Gostisbehere and loses puck.
8:30 of 1st period - Nick Bonino is hit by Ryan Murray and loses puck.
8:38 of 1st period - Conor Garland is hit by Shayne Gostisbehere and loses puck.
9:20 of 1st period - Icing by Esa Lindell.
9:21 of 1st period - Evgeni Malkin wins face-off versus Max Domi in LOS ANGELES SEALS zone.
9:47 of 1st period - Shot by Max Domi.
9:47 of 1st period - Stopped by Jacob Markstrom with a rebound.
9:53 of 1st period - Shot by Tyler Johnson.
9:53 of 1st period - Shot Misses the Net.
10:00 of 1st period - Tyler Johnson is hit by Hampus Lindholm and loses puck.
10:27 of 1st period - Shot by Zack Smith.
10:27 of 1st period - Deflect By Patrick Maroon.
10:27 of 1st period - Stopped by Jacob Markstrom without a rebound.
10:28 of 1st period - Mark Scheifele wins face-off versus Charlie Coyle in SAN JOSE BRONCOS zone.
11:01 of 1st period - Mark Scheifele is hit by Tyler Motte and loses puck.
11:48 of 1st period - Shot by Brayden Point.
11:48 of 1st period - Stopped by Carter Hutton without a rebound.
11:49 of 1st period - Max Domi wins face-off versus Nick Bonino in LOS ANGELES SEALS zone.
11:49 of 1st period - Max Domi is hit by Jesper Bratt.
13:01 of 1st period - Shot by Evgeni Malkin.
13:01 of 1st period - Shot Misses the Net.
13:09 of 1st period - Shot by Evgeni Malkin.
13:09 of 1st period - Deflect By Claude Giroux.
13:09 of 1st period - Stopped by Carter Hutton without a rebound.
13:10 of 1st period - Turner Elson wins face-off versus Brayden Point in LOS ANGELES SEALS zone.
13:10 of 1st period - Turner Elson is hit by Oliver Bjorkstrand.
13:30 of 1st period - Shot by Brayden Point.
13:30 of 1st period - Shot Blocked by Kris Versteeg.
14:12 of 1st period - Shot by Claude Giroux.
14:12 of 1st period - Goal by Claude Giroux - LOS ANGELES SEALS : 1 - SAN JOSE BRONCOS : 1.
14:13 of 1st period - Nick Bonino wins face-off versus Zack Smith in neutral zone.
15:27 of 1st period - Icing by Chris Tanev.
15:28 of 1st period - Max Domi wins face-off versus Evgeni Malkin in SAN JOSE BRONCOS zone.
15:47 of 1st period - Shot by Evgeni Malkin.
15:47 of 1st period - Deflect By Connor Brown.
15:47 of 1st period - Stopped by Carter Hutton with a rebound.
16:38 of 1st period - Shot by Jason Zucker.
16:38 of 1st period - Shot Misses the Net.
18:32 of 1st period - Icing by Jaccob Slavin.
18:33 of 1st period - Brayden Point wins face-off versus Max Domi in SAN JOSE BRONCOS zone.
18:54 of 1st period - Shot by Jesper Bratt.
18:54 of 1st period - Stopped by Carter Hutton without a rebound.
18:55 of 1st period - Charlie Coyle wins face-off versus Mark Scheifele in LOS ANGELES SEALS zone.
19:12 of 1st period - Marcus Johansson is hit by Tyler Motte and loses puck.
19:27 of 1st period - Shot by Jason Zucker.
19:27 of 1st period - Shot Misses the Net.
19:37 of 1st period - Mark Scheifele is hit by Tyler Motte and loses puck.
Goals for this period are 1 for LOS ANGELES SEALS vs 1 for SAN JOSE BRONCOS.
Shots for this period are 4 for LOS ANGELES SEALS vs 11 for SAN JOSE BRONCOS.

2nd period


0:01 of 2nd period - Nick Bonino wins face-off versus Max Domi in neutral zone.
0:05 of 2nd period - Conor Garland is hit by Marcus Pettersson and loses puck.
0:24 of 2nd period - Nick Bonino is hit by Esa Lindell and loses puck.
1:26 of 2nd period - Icing by Shayne Gostisbehere.
1:27 of 2nd period - Evgeni Malkin wins face-off versus Zack Smith in LOS ANGELES SEALS zone.
1:57 of 2nd period - Off-side.
1:58 of 2nd period - Brayden Point wins face-off versus Turner Elson in neutral zone.
2:40 of 2nd period - Icing by Jaccob Slavin.
2:41 of 2nd period - Mark Scheifele wins face-off versus Oliver Bjorkstrand in SAN JOSE BRONCOS zone.
2:48 of 2nd period - Shot by Marcus Johansson.
2:48 of 2nd period - Deflect By Mark Scheifele.
2:48 of 2nd period - Stopped by Jacob Markstrom without a rebound.
2:49 of 2nd period - Evgeni Malkin wins face-off versus Mark Scheifele in SAN JOSE BRONCOS zone.
3:10 of 2nd period - Shot by Claude Giroux.
3:10 of 2nd period - Shot Misses the Net.
3:55 of 2nd period - Icing by Hampus Lindholm.
3:56 of 2nd period - Brayden Point wins face-off versus Zack Smith in SAN JOSE BRONCOS zone.
4:01 of 2nd period - Shot by Oliver Bjorkstrand.
4:01 of 2nd period - Shot Misses the Net.
4:06 of 2nd period - Minor Penalty to Jaccob Slavin for Hooking.
4:07 of 2nd period - Max Domi wins face-off versus Nick Bonino in SAN JOSE BRONCOS zone.
4:42 of 2nd period - Shot by Max Domi.
4:42 of 2nd period - Shot Hit the Post.
5:10 of 2nd period - Icing by Jason Zucker.
5:11 of 2nd period - Mark Scheifele wins face-off versus Oliver Bjorkstrand in LOS ANGELES SEALS zone.
5:22 of 2nd period - Shot by Jason Zucker.
5:22 of 2nd period - Shot Blocked by Nick Bonino.
6:46 of 2nd period - Shot by Tyler Motte.
6:46 of 2nd period - Stopped by Carter Hutton without a rebound.
6:47 of 2nd period - Brayden Point wins face-off versus Turner Elson in LOS ANGELES SEALS zone.
6:47 of 2nd period - Oliver Bjorkstrand is hit by Marcus Pettersson and loses puck.
6:50 of 2nd period - Shot by Anthony Beauvillier.
6:50 of 2nd period - Stopped by Carter Hutton without a rebound.
6:51 of 2nd period - Max Domi wins face-off versus Nick Bonino in LOS ANGELES SEALS zone.
6:51 of 2nd period - Max Domi is hit by Conor Garland.
6:54 of 2nd period - Esa Lindell is hit by Jesper Bratt and loses puck.
7:07 of 2nd period - Shot by Jesper Bratt.
7:07 of 2nd period - Shot Misses the Net.
7:15 of 2nd period - Shot by Nick Bonino.
7:15 of 2nd period - Shot Misses the Net.
8:14 of 2nd period - Shot by Connor Brown.
8:14 of 2nd period - Shot Blocked by Esa Lindell.
8:18 of 2nd period - Shot by Connor Brown.
8:18 of 2nd period - Stopped by Carter Hutton with a rebound.
8:20 of 2nd period - Shot by Evgeni Malkin.
8:20 of 2nd period - Stopped by Carter Hutton without a rebound.
8:21 of 2nd period - Mark Scheifele wins face-off versus Brayden Point in LOS ANGELES SEALS zone.
8:44 of 2nd period - Shot by Marcus Johansson.
8:44 of 2nd period - Shot Misses the Net.
8:46 of 2nd period - Shot by Ryan Murray.
8:46 of 2nd period - Shot Misses the Net.
8:52 of 2nd period - Shot by Jason Zucker.
8:52 of 2nd period - Shot Blocked by Jaccob Slavin.
8:54 of 2nd period - Shot by Jason Zucker.
8:54 of 2nd period - Deflect By Mark Scheifele.
8:54 of 2nd period - Shot Misses the Net.
8:56 of 2nd period - Shot by Mark Scheifele.
8:56 of 2nd period - Stopped by Jacob Markstrom without a rebound.
8:57 of 2nd period - Zack Smith wins face-off versus Evgeni Malkin in SAN JOSE BRONCOS zone.
9:10 of 2nd period - Shot by Connor Brown.
9:10 of 2nd period - Stopped by Carter Hutton without a rebound.
9:11 of 2nd period - Nick Bonino wins face-off versus Turner Elson in LOS ANGELES SEALS zone.
9:12 of 2nd period - Shot by Jesper Bratt.
9:12 of 2nd period - Stopped by Carter Hutton without a rebound.
9:13 of 2nd period - Evgeni Malkin wins face-off versus Mark Scheifele in LOS ANGELES SEALS zone.
9:18 of 2nd period - Shot by Connor Brown.
9:18 of 2nd period - Stopped by Carter Hutton without a rebound.
9:19 of 2nd period - Evgeni Malkin wins face-off versus Mark Scheifele in LOS ANGELES SEALS zone.
10:06 of 2nd period - Shot by Claude Giroux.
10:06 of 2nd period - Stopped by Carter Hutton without a rebound.
10:07 of 2nd period - Brayden Point wins face-off versus Max Domi in LOS ANGELES SEALS zone.
10:46 of 2nd period - Shot by Brayden Point.
10:46 of 2nd period - Shot Misses the Net.
10:54 of 2nd period - Tyler Johnson is hit by Oliver Bjorkstrand and loses puck.
11:35 of 2nd period - Nick Bonino is hit by Nathan Paetsch and loses puck.
11:42 of 2nd period - Shot by Nick Bonino.
11:42 of 2nd period - Stopped by Carter Hutton without a rebound.
11:43 of 2nd period - Evgeni Malkin wins face-off versus Mark Scheifele in LOS ANGELES SEALS zone.
11:46 of 2nd period - Shot by Connor Brown.
11:46 of 2nd period - Stopped by Carter Hutton without a rebound.
11:47 of 2nd period - Evgeni Malkin wins face-off versus Mark Scheifele in LOS ANGELES SEALS zone.
12:14 of 2nd period - Shot by Evgeni Malkin.
12:14 of 2nd period - Shot Blocked by Ryan Murray.
12:16 of 2nd period - Shot by Connor Brown.
12:16 of 2nd period - Stopped by Carter Hutton with a rebound.
12:18 of 2nd period - Shot by Jaccob Slavin.
12:18 of 2nd period - Stopped by Carter Hutton with a rebound.
12:24 of 2nd period - Shot by Evgeni Malkin.
12:24 of 2nd period - Deflect By Claude Giroux.
12:24 of 2nd period - Shot Misses the Net.
12:26 of 2nd period - Shot by Jaccob Slavin.
12:26 of 2nd period - Shot Hit the Post.
12:34 of 2nd period - Shot by Connor Brown.
12:34 of 2nd period - Deflect By Evgeni Malkin.
12:34 of 2nd period - Shot Misses the Net.
12:36 of 2nd period - Shot by Jaccob Slavin.
12:36 of 2nd period - Stopped by Carter Hutton with a rebound.
12:46 of 2nd period - Mark Scheifele is hit by Neal Pionk.
12:59 of 2nd period - Off-side.
13:00 of 2nd period - Nick Bonino wins face-off versus Max Domi in neutral zone.
13:52 of 2nd period - Shot by Anthony Beauvillier.
13:52 of 2nd period - Goal by Anthony Beauvillier - LOS ANGELES SEALS : 1 - SAN JOSE BRONCOS : 2.
13:53 of 2nd period - Zack Smith wins face-off versus Anthony Beauvillier in neutral zone.
13:53 of 2nd period - Zack Smith is hit by Brayden Point.
14:19 of 2nd period - Shot by Oliver Bjorkstrand.
14:19 of 2nd period - Deflect By Brayden Point.
14:19 of 2nd period - Shot Misses the Net.
14:48 of 2nd period - Icing by Zack Smith.
14:49 of 2nd period - Zack Smith wins face-off versus Evgeni Malkin in LOS ANGELES SEALS zone.
14:49 of 2nd period - Zack Smith is hit by Evgeni Malkin.
14:54 of 2nd period - Off-side.
14:55 of 2nd period - Evgeni Malkin wins face-off versus Jason Zucker in neutral zone.
15:11 of 2nd period - Shot by Jason Zucker.
15:11 of 2nd period - Shot Misses the Net.
15:15 of 2nd period - Shot by Mark Scheifele.
15:15 of 2nd period - Shot Blocked by Jaccob Slavin.
15:17 of 2nd period - Shot by Jason Zucker.
15:17 of 2nd period - Deflect By Mark Scheifele.
15:17 of 2nd period - Shot Misses the Net.
15:27 of 2nd period - Shot by Marcus Johansson.
15:27 of 2nd period - Shot Misses the Net.
15:29 of 2nd period - Shot by Esa Lindell.
15:29 of 2nd period - Shot Misses the Net.
15:35 of 2nd period - Shot by Mark Scheifele.
15:35 of 2nd period - Shot Misses the Net.
15:37 of 2nd period - Shot by Marcus Johansson.
15:37 of 2nd period - Shot Hit the Post.
16:22 of 2nd period - Max Domi is hit by Adam Pelech and loses puck.
16:33 of 2nd period - Shot by Nick Bonino.
16:33 of 2nd period - Shot Misses the Net.
16:53 of 2nd period - Shot by Oliver Bjorkstrand.
16:53 of 2nd period - Stopped by Carter Hutton with a rebound.
16:55 of 2nd period - Shot by Anthony Beauvillier.
16:55 of 2nd period - Shot Misses the Net.
16:57 of 2nd period - Shot by Neal Pionk.
16:57 of 2nd period - Stopped by Carter Hutton with a rebound.
17:11 of 2nd period - Shot by Brayden Point.
17:11 of 2nd period - Stopped by Carter Hutton without a rebound.
17:12 of 2nd period - Charlie Coyle wins face-off versus Zack Smith in LOS ANGELES SEALS zone.
17:21 of 2nd period - Shot by Patrick Maroon.
17:21 of 2nd period - Shot Blocked by Jaccob Slavin.
17:25 of 2nd period - Shot by Zack Smith.
17:25 of 2nd period - Shot Misses the Net.
17:31 of 2nd period - Shot by Patrick Maroon.
17:31 of 2nd period - Stopped by Jacob Markstrom without a rebound.
17:32 of 2nd period - Mark Scheifele wins face-off versus Evgeni Malkin in SAN JOSE BRONCOS zone.
17:41 of 2nd period - Jason Zucker is hit by Claude Giroux and loses puck.
17:49 of 2nd period - Minor Penalty to Neal Pionk for Hooking.
17:50 of 2nd period - Mark Scheifele wins face-off versus Nick Bonino in SAN JOSE BRONCOS zone.
18:25 of 2nd period - Shot by Mark Scheifele.
18:25 of 2nd period - Deflect By Jason Zucker.
18:25 of 2nd period - Shot Misses the Net.
19:34 of 2nd period - Icing by Esa Lindell.
19:35 of 2nd period - Nick Bonino wins face-off versus Mark Scheifele in LOS ANGELES SEALS zone.
Goals for this period are 0 for LOS ANGELES SEALS vs 1 for SAN JOSE BRONCOS.
Shots for this period are 3 for LOS ANGELES SEALS vs 17 for SAN JOSE BRONCOS.

3rd period


0:01 of 3rd period - Mark Scheifele wins face-off versus Brayden Point in neutral zone.
0:31 of 3rd period - Shot by Oliver Bjorkstrand.
0:31 of 3rd period - Goal by Oliver Bjorkstrand - LOS ANGELES SEALS : 1 - SAN JOSE BRONCOS : 3.
0:32 of 3rd period - Zack Smith wins face-off versus Evgeni Malkin in neutral zone.
1:00 of 3rd period - Evgeni Malkin is hit by Shayne Gostisbehere and loses puck.
1:09 of 3rd period - Shot by Evgeni Malkin.
1:09 of 3rd period - Stopped by Carter Hutton without a rebound.
1:10 of 3rd period - Mark Scheifele wins face-off versus Jesper Bratt in LOS ANGELES SEALS zone.
2:03 of 3rd period - Icing by Neal Pionk.
2:04 of 3rd period - Max Domi wins face-off versus Nick Bonino in SAN JOSE BRONCOS zone.
2:56 of 3rd period - Shot by Anthony Beauvillier.
2:56 of 3rd period - Deflect By Brayden Point.
2:56 of 3rd period - Shot Misses the Net.
2:57 of 3rd period - Minor Penalty to Nate Prosser for Roughing.
2:58 of 3rd period - Evgeni Malkin wins face-off versus Mark Scheifele in LOS ANGELES SEALS zone.
3:10 of 3rd period - Icing by Evgeni Malkin.
3:11 of 3rd period - Evgeni Malkin wins face-off versus Mark Scheifele in SAN JOSE BRONCOS zone.
3:20 of 3rd period - Shot by Evgeni Malkin.
3:20 of 3rd period - Stopped by Carter Hutton without a rebound.
3:21 of 3rd period - Evgeni Malkin wins face-off versus Mark Scheifele in LOS ANGELES SEALS zone.
3:36 of 3rd period - Shot by Connor Brown.
3:36 of 3rd period - Stopped by Carter Hutton without a rebound.
3:37 of 3rd period - Brayden Point wins face-off versus Mark Scheifele in LOS ANGELES SEALS zone.
4:10 of 3rd period - Shot by Brayden Point.
4:10 of 3rd period - Stopped by Carter Hutton without a rebound.
4:11 of 3rd period - Evgeni Malkin wins face-off versus Max Domi in LOS ANGELES SEALS zone.
5:28 of 3rd period - Shot by Patrick Maroon.
5:28 of 3rd period - Stopped by Jacob Markstrom without a rebound.
5:29 of 3rd period - Brayden Point wins face-off versus Max Domi in SAN JOSE BRONCOS zone.
5:29 of 3rd period - Brayden Point is hit by Tyler Johnson.
5:59 of 3rd period - Shot by Brayden Point.
5:59 of 3rd period - Stopped by Carter Hutton without a rebound.
6:00 of 3rd period - Mark Scheifele wins face-off versus Evgeni Malkin in LOS ANGELES SEALS zone.
6:31 of 3rd period - Shot by Mark Scheifele.
6:31 of 3rd period - Goal by Mark Scheifele - LOS ANGELES SEALS : 2 - SAN JOSE BRONCOS : 3.
6:32 of 3rd period - Zack Smith wins face-off versus Brayden Point in neutral zone.
7:02 of 3rd period - Shot by Brayden Point.
7:02 of 3rd period - Shot Blocked by Esa Lindell.
7:49 of 3rd period - Shot by Evgeni Malkin.
7:49 of 3rd period - Stopped by Carter Hutton without a rebound.
7:50 of 3rd period - Jason Zucker wins face-off versus Jesper Bratt in LOS ANGELES SEALS zone.
8:12 of 3rd period - Icing by Ryan Murray.
8:13 of 3rd period - Evgeni Malkin wins face-off versus Mark Scheifele in LOS ANGELES SEALS zone.
8:41 of 3rd period - Shot by Evgeni Malkin.
8:41 of 3rd period - Stopped by Carter Hutton without a rebound.
8:42 of 3rd period - Brayden Point wins face-off versus Max Domi in LOS ANGELES SEALS zone.
8:53 of 3rd period - Shot by Brayden Point.
8:53 of 3rd period - Stopped by Carter Hutton without a rebound.
8:54 of 3rd period - Turner Elson wins face-off versus Nick Bonino in LOS ANGELES SEALS zone.
8:59 of 3rd period - Neal Pionk is hit by Jermaine Loewen and loses puck.
9:14 of 3rd period - Shot by Jermaine Loewen.
9:14 of 3rd period - Deflect By Turner Elson.
9:14 of 3rd period - Shot Misses the Net.
9:16 of 3rd period - Shot by Turner Elson.
9:16 of 3rd period - Stopped by Jacob Markstrom with a rebound.
9:20 of 3rd period - Shot by Turner Elson.
9:20 of 3rd period - Stopped by Jacob Markstrom with a rebound.
9:22 of 3rd period - Shot by Nathan Paetsch.
9:22 of 3rd period - Stopped by Jacob Markstrom without a rebound.
9:23 of 3rd period - Claude Giroux wins face-off versus Marcus Johansson in SAN JOSE BRONCOS zone.
9:39 of 3rd period - Icing by Marcus Pettersson.
9:40 of 3rd period - Mark Scheifele wins face-off versus Brayden Point in LOS ANGELES SEALS zone.
10:00 of 3rd period - Shot by Anthony Beauvillier.
10:00 of 3rd period - Stopped by Carter Hutton without a rebound.
10:01 of 3rd period - Connor Brown wins face-off versus Max Domi in LOS ANGELES SEALS zone.
10:04 of 3rd period - Shot by Evgeni Malkin.
10:04 of 3rd period - Shot Misses the Net.
10:24 of 3rd period - Shot by Evgeni Malkin.
10:24 of 3rd period - Shot Misses the Net.
10:26 of 3rd period - Shot by Connor Brown.
10:26 of 3rd period - Shot Misses the Net.
11:14 of 3rd period - Shot by Brayden Point.
11:14 of 3rd period - Stopped by Carter Hutton with a rebound.
11:16 of 3rd period - Shot by Adam Pelech.
11:16 of 3rd period - Stopped by Carter Hutton without a rebound.
11:17 of 3rd period - Nick Bonino wins face-off versus Mark Scheifele in LOS ANGELES SEALS zone.
11:28 of 3rd period - Shot by Nick Bonino.
11:28 of 3rd period - Shot Misses the Net.
11:34 of 3rd period - Nick Bonino is hit by Mark Scheifele and loses puck.
12:34 of 3rd period - Shot by Evgeni Malkin.
12:34 of 3rd period - Shot Misses the Net.
12:36 of 3rd period - Shot by Evgeni Malkin.
12:36 of 3rd period - Stopped by Carter Hutton without a rebound.
12:37 of 3rd period - Patrick Maroon wins face-off versus Brayden Point in LOS ANGELES SEALS zone.
12:48 of 3rd period - Ryan Murray is hit by Anthony Beauvillier and loses puck.
13:51 of 3rd period - Shot by Connor Brown.
13:51 of 3rd period - Stopped by Carter Hutton without a rebound.
13:52 of 3rd period - Marcus Johansson wins face-off versus Charlie Coyle in LOS ANGELES SEALS zone.
13:52 of 3rd period - Marcus Johansson is hit by Tyler Motte.
14:28 of 3rd period - Icing by Jason Zucker.
14:29 of 3rd period - Mark Scheifele wins face-off versus Evgeni Malkin in LOS ANGELES SEALS zone.
14:36 of 3rd period - Shot by Connor Brown.
14:36 of 3rd period - Shot Misses the Net.
14:39 of 3rd period - Claude Giroux is hit by Nate Prosser and loses puck.
14:51 of 3rd period - Icing by Jason Zucker.
14:52 of 3rd period - Brayden Point wins face-off versus Mark Scheifele in LOS ANGELES SEALS zone.
14:57 of 3rd period - Shot by Anthony Beauvillier.
14:57 of 3rd period - Shot Misses the Net.
15:00 of 3rd period - Icing by Nate Prosser.
15:01 of 3rd period - Evgeni Malkin wins face-off versus Mark Scheifele in LOS ANGELES SEALS zone.
16:16 of 3rd period - Shot by Zack Smith.
16:16 of 3rd period - Shot Misses the Net.
16:18 of 3rd period - Shot by Lukas Radil.
16:18 of 3rd period - Stopped by Jacob Markstrom without a rebound.
16:19 of 3rd period - Brayden Point wins face-off versus Turner Elson in SAN JOSE BRONCOS zone.
16:19 of 3rd period - Brayden Point is hit by Jermaine Loewen.
16:52 of 3rd period - Shot by Oliver Bjorkstrand.
16:52 of 3rd period - Stopped by Carter Hutton with a rebound.
17:22 of 3rd period - Shot by Jason Zucker.
17:22 of 3rd period - Shot Misses the Net.
17:31 of 3rd period - Icing by Nick Bonino.
17:32 of 3rd period - Nick Bonino wins face-off versus Max Domi in SAN JOSE BRONCOS zone.
17:53 of 3rd period - Shot by Tyler Johnson.
17:53 of 3rd period - Stopped by Jacob Markstrom without a rebound.
17:54 of 3rd period - Evgeni Malkin wins face-off versus Mark Scheifele in SAN JOSE BRONCOS zone.
18:23 of 3rd period - Off-side.
18:24 of 3rd period - Brayden Point wins face-off versus Zack Smith in neutral zone.
18:24 of 3rd period - Brayden Point is hit by Zack Smith.
18:28 of 3rd period - Shayne Gostisbehere is hit by Oliver Bjorkstrand and loses puck.
18:36 of 3rd period - Brayden Point is hit by Ryan Murray and loses puck.
18:42 of 3rd period - Oliver Bjorkstrand is hit by Shayne Gostisbehere and loses puck.
19:00 of 3rd period - LOS ANGELES SEALS, Carter Hutton is pulled from the net.
19:37 of 3rd period - Icing by Marcus Pettersson.
19:38 of 3rd period - Carter Hutton from LOS ANGELES SEALS was sent back in the game.
19:38 of 3rd period - Nick Bonino wins face-off versus Mark Scheifele in LOS ANGELES SEALS zone.
19:45 of 3rd period - Shot by Jaccob Slavin.
19:45 of 3rd period - Shot Misses the Net.
19:47 of 3rd period - Shot by Oliver Bjorkstrand.
19:47 of 3rd period - Shot Blocked by Esa Lindell.
19:54 of 3rd period - Oliver Bjorkstrand is hit by Marcus Pettersson and loses puck.
Goals for this period are 1 for LOS ANGELES SEALS vs 1 for SAN JOSE BRONCOS.
Shots for this period are 7 for LOS ANGELES SEALS vs 15 for SAN JOSE BRONCOS.


JOHNNY
GAUDREAU
MATTHEW
BOLDY
OWEN
TIPPETT

EAST COAST

HOCKEY LEAGUE

  • 29.PIT6MAN7
  • 30.ATL6NHW2
  • 31.WOR4PET3
  • 32.3RHI4
  • 33.CHIQUE
  • 34.LIMCHA
  • 35.LONTRV
  • 36.BALCHW